ITL
RICHMOND FLAIRS @ OTSEGO BULLDOGS
10/01/2027
 
TOP OF THE 1ST
Richmond Flairs batting - Pitching for Otsego Bulldogs : LHP Dwight Livingston
Pitching: LHP Dwight Livingston
Batting: LHB Luis Villa 0-0: Foul Ball, location: 2F
0-1: Ball
1-1: Swinging Strike
1-2: Strikes out swinging
Batting: LHB Dave Gray 0-0: Ball
1-0: Ball
2-0: Ball
3-0: Called Strike
3-1: Fly out, F7 (Line Drive, 7D)
Batting: RHB R.J. Crosby 0-0: Ball
1-0: Ball
2-0: Ball
3-0: Base on Balls
Batting: RHB Elliott Johnston 0-0: Ball
1-0: Ball
2-0: Called Strike
2-1: Ball
3-1: SINGLE (Flyball, 8RS)
R.J. Crosby to second
Runner from 2nd tries for 3rd, SAFE, throw made to third
Batting: RHB Alberto Hernández 0-0: Ball
1-0: SINGLE (Flyball, 8RS)
R.J. Crosby scores
Elliott Johnston to second
Batting: SHB Carlos Reyes 0-0: Swinging Strike
0-1: Foul Ball, location: 2F
0-2: Ball
1-2: Strikes out swinging
Top of the 1st over - 1 run(s), 2 hit(s), 0 error(s), 2 left on base; Richmond 1 - Otsego 0
BOTTOM OF THE 1ST
Otsego Bulldogs batting - Pitching for Richmond Flairs : RHP Gene O'Neal
Pitching: RHP Gene O'Neal
Batting: RHB Luis Antonio Velásquez 0-0: Foul Ball, location: 2F
0-1: Ground out 6-3 (Groundball, 6)
Batting: RHB Irving Galloway 0-0: Swinging Strike
0-1: SINGLE (Groundball, 56D)
Batting: RHB Jorge Cisneros 0-0: Ball
1-0: Foul Ball, location: 2F
1-1: Foul Ball, location: 2F
1-2: Ball
2-2: Ball
3-2: Base on Balls
Irving Galloway to second
Batting: RHB Jesús Tisnado 0-0: Ball
1-0: Called Strike
1-1: Called Strike
1-2: Hit by Pitch
Irving Galloway to third
Jorge Cisneros to second
Batting: RHB Ryosei Yamamoto 0-0: Called Strike
0-1: Swinging Strike
0-2: Ball
1-2: SINGLE (Groundball, 56D)
Irving Galloway scores
Jorge Cisneros to third
Jesús Tisnado to second
Runner from 3rd tries for Home, SAFE, throw made home
Batting: RHB Kyung-bok Cho 0-0: Ball
1-0: Foul Ball, location: 2F
1-1: Fly out, F8 (Flyball, 8RXD)
Runner from 2nd tags up, SAFE at 3rd, no throw
Batting: LHB Martin Davis 0-0: Ball
1-0: Ball
2-0: Ground out 5-3 (Groundball, 25)
Bottom of the 1st over - 2 run(s), 2 hit(s), 0 error(s), 2 left on base; Richmond 1 - Otsego 2
TOP OF THE 2ND
Richmond Flairs batting - Pitching for Otsego Bulldogs : LHP Dwight Livingston
Batting: RHB Gary Thomas 0-0: Fly out, F7 (Flyball, 7LS)
Batting: LHB R.J. Courtney 0-0: Ground out U3 (Groundball, 3S)
Batting: RHB Ray Yates 0-0: Foul Ball, location: 2F
0-1: Foul Ball, location: 2F
0-2: Strikes out swinging
Top of the 2nd over - 0 run(s), 0 hit(s), 0 error(s), 0 left on base; Richmond 1 - Otsego 2
BOTTOM OF THE 2ND
Otsego Bulldogs batting - Pitching for Richmond Flairs : RHP Gene O'Neal
Batting: RHB José Martínez 0-0: Called Strike
0-1: Foul Ball, location: 2F
0-2: Ball
1-2: Foul Ball, location: 2F
1-2: Ball
2-2: Ball
3-2: Fly out, F3 (Popup, 34)
Batting: RHB Donald White 0-0: Ball
1-0: Ground out 6-3 (Groundball, 6MD)
Batting: RHB Luis Antonio Velásquez 0-0: Ball
1-0: SINGLE (Line Drive, 89S)
Batting: RHB Irving Galloway 0-0: Called Strike
Luis Antonio Velásquez is caught stealing 2nd base
Bottom of the 2nd over - 0 run(s), 1 hit(s), 0 error(s), 0 left on base; Richmond 1 - Otsego 2
TOP OF THE 3RD
Richmond Flairs batting - Pitching for Otsego Bulldogs : LHP Dwight Livingston
Batting: LHB Luis Villa 0-0: Called Strike
0-1: Ball
1-1: Ball
2-1: Bunt missed!
2-2: Fly out, F9 (Flyball, 9D)
Batting: LHB Dave Gray 0-0: Ball
1-0: Ground out U3 (Groundball, 3)
Batting: RHB R.J. Crosby 0-0: Ball
1-0: Called Strike
1-1: Called Strike
1-2: Ball
2-2: Ground out 1-3 (Groundball, 15)
Top of the 3rd over - 0 run(s), 0 hit(s), 0 error(s), 0 left on base; Richmond 1 - Otsego 2
BOTTOM OF THE 3RD
Otsego Bulldogs batting - Pitching for Richmond Flairs : RHP Gene O'Neal
Batting: RHB Irving Galloway 0-0: Ball
1-0: Ball
2-0: Foul Ball, location: 2F
2-1: SINGLE (Line Drive, 4D)
Batting: RHB Jorge Cisneros 0-0: Ball
1-0: Grounds into double play, 5-4-3 (Groundball, 5)
Batting: RHB Jesús Tisnado 0-0: Called Strike
0-1: Called Strike
0-2: Fly out, F9 (Flyball, 9)
Bottom of the 3rd over - 0 run(s), 1 hit(s), 0 error(s), 0 left on base; Richmond 1 - Otsego 2
TOP OF THE 4TH
Richmond Flairs batting - Pitching for Otsego Bulldogs : LHP Dwight Livingston
Batting: RHB Elliott Johnston 0-0: Called Strike
0-1: Swinging Strike
0-2: Fly out, F8 (Line Drive, 8RS)
Batting: RHB Alberto Hernández 0-0: Ball
1-0: Called Strike
1-1: Called Strike
1-2: Foul Ball, location: 2F
1-2: Foul Ball, location: 2F
1-2: Ball
2-2: Ground out 5-3 (Groundball, 5)
Batting: SHB Carlos Reyes 0-0: Foul Ball, location: 2F
0-1: Swinging Strike
0-2: DOUBLE (Groundball, 5L)
Batting: RHB Gary Thomas 0-0: Ball
1-0: Ball
2-0: Called Strike
2-1: Ball
3-1: Base on Balls
Batting: LHB R.J. Courtney 0-0: Ball
1-0: Ball
2-0: Ball
3-0: Base on Balls
Carlos Reyes to third
Gary Thomas to second
Batting: RHB Ray Yates 0-0: Called Strike
0-1: Ball
1-1: Ball
2-1: Swinging Strike
2-2: SINGLE (Flyball, 8LS)
Carlos Reyes scores
Gary Thomas to third
R.J. Courtney to second
Runner from 3rd tries for Home, SAFE, throw made home
R.J. Courtney to third
Ray Yates to second
Batting: LHB Luis Villa 0-0: Ball
1-0: Ball
2-0: Reached on error, E4 (Groundball, 4)
R.J. Courtney scores
Ray Yates to third
Batting: LHB Dave Gray 0-0: Ball
1-0: SINGLE (Line Drive, 9S)
Ray Yates scores
Luis Villa to second
Batting: RHB R.J. Crosby 0-0: Foul Ball, location: 2F
0-1: Ball
1-1: Ball
2-1: Fly out, F2 (Popup, 3S)
Top of the 4th over - 4 run(s), 3 hit(s), 1 error(s), 2 left on base; Richmond 5 - Otsego 2
BOTTOM OF THE 4TH
Otsego Bulldogs batting - Pitching for Richmond Flairs : RHP Gene O'Neal
Now at 3B: Christian Hudson
Batting: RHB Ryosei Yamamoto 0-0: Ball
1-0: Ball
2-0: DOUBLE (Flyball, 78M)
Batting: RHB Kyung-bok Cho 0-0: Ground out 3-1 (Groundball, 34)
Ryosei Yamamoto to third
Batting: LHB Martin Davis 0-0: Ball
1-0: Fly out, F9 (Flyball, 9S)
Batting: RHB José Martínez 0-0: Ball
1-0: Called Strike
1-1: Ball
2-1: Ball
3-1: Fly out, F4 (Popup, 4D)
Bottom of the 4th over - 0 run(s), 1 hit(s), 0 error(s), 1 left on base; Richmond 5 - Otsego 2
TOP OF THE 5TH
Richmond Flairs batting - Pitching for Otsego Bulldogs : LHP Dwight Livingston
Batting: RHB Elliott Johnston 0-0: Ball
1-0: Foul Ball, location: 2F
1-1: DOUBLE (Groundball, 5L)
Batting: RHB Alberto Hernández 0-0: Ball
1-0: Ball
2-0: Called Strike
2-1: Ball
3-1: SINGLE (Flyball, 8RS)
Elliott Johnston to third
Batting: SHB Carlos Reyes 0-0: Called Strike
0-1: Ball
1-1: Ball
2-1: Ground out 6-3 (Groundball, 6)
Alberto Hernández to second
Batting: RHB Christian Hudson 0-0: Called Strike
0-1: Ball
1-1: Ball
2-1: Ball
3-1: Base on Balls
Batting: LHB R.J. Courtney 0-0: Fly out, F9 (Flyball, 9LS)
Batting: RHB Ray Yates 0-0: Ball
1-0: Foul Ball, location: 2F
1-1: Ball
2-1: Swinging Strike
2-2: SINGLE (Groundball, 56) (infield hit)
Elliott Johnston scores
Alberto Hernández to third
Christian Hudson to second
Pitching: LHP Esteban Santos
Batting: LHB Luis Villa 0-0: Swinging Strike
0-1: Called Strike
0-2: Strikes out looking
Top of the 5th over - 1 run(s), 3 hit(s), 0 error(s), 3 left on base; Richmond 6 - Otsego 2
BOTTOM OF THE 5TH
Otsego Bulldogs batting - Pitching for Richmond Flairs : RHP Gene O'Neal
Batting: RHB Donald White 0-0: Called Strike
0-1: Ground out 5-3 (Groundball, 5)
Batting: RHB Luis Antonio Velásquez 0-0: Ball
1-0: Foul Ball, location: 2F
1-1: Ground out 4-3 (Groundball, 4)
Batting: RHB Irving Galloway 0-0: Ball
1-0: Swinging Strike
1-1: Ball
2-1: Called Strike
2-2: Ball
3-2: Foul Ball, location: 2F
3-2: Strikes out swinging
Bottom of the 5th over - 0 run(s), 0 hit(s), 0 error(s), 0 left on base; Richmond 6 - Otsego 2
TOP OF THE 6TH
Richmond Flairs batting - Pitching for Otsego Bulldogs : LHP Esteban Santos
Batting: LHB Dave Gray 0-0: Fly out, F8 (Line Drive, 8LD)
Batting: RHB R.J. Crosby 0-0: Ball
1-0: Called Strike
1-1: Ball
2-1: Foul Ball, location: 2F
2-2: Ball
3-2: Fly out, F9 (Flyball, 89M)
Batting: RHB Elliott Johnston 0-0: Called Strike
0-1: Ball
1-1: Foul Ball, location: 2F
1-2: Foul Ball, location: 2F
1-2: Ball
2-2: Ball
3-2: Foul Ball, location: 2F
3-2: Strikes out swinging
Top of the 6th over - 0 run(s), 0 hit(s), 0 error(s), 0 left on base; Richmond 6 - Otsego 2
BOTTOM OF THE 6TH
Otsego Bulldogs batting - Pitching for Richmond Flairs : RHP Gene O'Neal
Batting: RHB Jorge Cisneros 0-0: Ball
1-0: Called Strike
1-1: Swinging Strike
1-2: Ball
2-2: Foul Ball, location: 2F
2-2: Ball
3-2: DOUBLE (Flyball, 78XD)
Batting: RHB Jesús Tisnado 0-0: Foul Ball, location: 2F
0-1: Ball
1-1: Foul Ball, location: 2F
1-2: Ball
Wild Pitch!
Jorge Cisneros to third
2-2: SINGLE (Line Drive, 56)
Jorge Cisneros scores
Batting: RHB Ryosei Yamamoto 0-0: Called Strike
0-1: Fly out, F8 (Flyball, 8LS)
Batting: RHB Kyung-bok Cho 0-0: Ball
1-0: Ball
2-0: Grounds into double play, 4-6-3 (Groundball, 4)
Bottom of the 6th over - 1 run(s), 2 hit(s), 0 error(s), 0 left on base; Richmond 6 - Otsego 3
TOP OF THE 7TH
Richmond Flairs batting - Pitching for Otsego Bulldogs : LHP Esteban Santos
Batting: RHB Alberto Hernández 0-0: Foul Ball, location: 2F
0-1: Ball
1-1: Swinging Strike
1-2: SINGLE (Groundball, 4D)
Batting: SHB Carlos Reyes 0-0: Ball
1-0: Sac Bunt - play at second, runner OUT! 5-6
Batting: RHB Christian Hudson 0-0: Swinging Strike
0-1: Called Strike
0-2: Ball
1-2: Foul Ball, location: 2F
1-2: Ball
2-2: Foul Ball, location: 2F
2-2: Foul Ball, location: 2F
2-2: Foul Ball, location: 2F
2-2: Ball
3-2: Strikes out swinging
Batting: LHB R.J. Courtney 0-0: Swinging Strike
0-1: Called Strike
0-2: Ball
1-2: Ball
2-2: Strikes out swinging
Top of the 7th over - 0 run(s), 1 hit(s), 0 error(s), 1 left on base; Richmond 6 - Otsego 3
BOTTOM OF THE 7TH
Otsego Bulldogs batting - Pitching for Richmond Flairs : RHP Gene O'Neal
Batting: LHB Martin Davis 0-0: Called Strike
0-1: Foul Ball, location: 2F
0-2: Ball
1-2: Fly out, F4 (Flyball, 4MD)
Batting: RHB José Martínez 0-0: Called Strike
0-1: Called Strike
0-2: Fly out, F5 (Popup, 5S)
Batting: RHB Donald White 0-0: Called Strike
0-1: SINGLE (Line Drive, 4D)
Batting: RHB Luis Antonio Velásquez 0-0: Ball
1-0: Ball
2-0: Foul Ball, location: 2F
2-1: Hit by Pitch
Donald White to second
Batting: RHB Irving Galloway 0-0: Called Strike
0-1: Called Strike
0-2: Ball
1-2: Fielders Choice at 2nd, 6-4 (Groundball, 6)
Bottom of the 7th over - 0 run(s), 1 hit(s), 0 error(s), 1 left on base; Richmond 6 - Otsego 3
TOP OF THE 8TH
Richmond Flairs batting - Pitching for Otsego Bulldogs : LHP Esteban Santos
Batting: RHB Ray Yates 0-0: Ball
1-0: Ball
2-0: Ball
3-0: Base on Balls
Batting: LHB Luis Villa 0-0: Bunted foul
0-1: Ball
1-1: Sac Bunt - play at first, batter OUT! 5-4
Ray Yates to second
Batting: LHB Dave Gray 0-0: Ball
1-0: Foul Ball, location: 2F
1-1: Called Strike
1-2: Ball
2-2: Ground out 6-3 (Groundball, 6)
Ray Yates to third
Pitching: RHP Ricardo Trujillo
Batting: RHB R.J. Crosby 0-0: Ball
1-0: Ball
2-0: Called Strike
2-1: Swinging Strike
2-2: Ball
3-2: Strikes out swinging
Top of the 8th over - 0 run(s), 0 hit(s), 0 error(s), 1 left on base; Richmond 6 - Otsego 3
BOTTOM OF THE 8TH
Otsego Bulldogs batting - Pitching for Richmond Flairs : RHP Gene O'Neal
Pitching: RHP Lorenzo Ramos
Batting: RHB Jorge Cisneros 0-0: Ball
1-0: Swinging Strike
1-1: SINGLE (Line Drive, 78S)
Batting: RHB Jesús Tisnado 0-0: Ball
1-0: 2-RUN HOME RUN (Flyball, 7D), Distance : 383 ft
Pitching: RHP Luis Bruno
Batting: RHB Ryosei Yamamoto 0-0: Foul Ball, location: 2F
0-1: Ball
1-1: Foul Ball, location: 2F
1-2: Foul Ball, location: 2F
1-2: Foul Ball, location: 2F
1-2: SINGLE (Groundball, 5D)
Batting: RHB Kyung-bok Cho 0-0: Sac Bunt - play at first, batter safe!
Ryosei Yamamoto to second
Pitching: LHP Takaaki Omori
Batting: LHB Martin Davis 0-0: Sac Bunt - play at first, batter safe!
Ryosei Yamamoto to third
Kyung-bok Cho to second
Pitching: RHP Octávio Morín
Batting: RHB José Martínez 0-0: Called Strike
0-1: Ball
1-1: Called Strike
1-2: Foul Ball, location: 2F
1-2: Foul Ball, location: 2F
1-2: Foul Ball, location: 2F
1-2: Ball
2-2: Strikes out looking
Pinch Hitting: RHB Juan Pérez 0-0: Ball
1-0: Foul Ball, location: 2F
1-1: Swinging Strike
1-2: Ball
2-2: DOUBLE (Flyball, 89M)
Ryosei Yamamoto scores
Kyung-bok Cho scores
Martin Davis to third
Batting: RHB Luis Antonio Velásquez 0-0: Intentional Walk
Batting: RHB Irving Galloway 0-0: Ball
1-0: Called Strike
1-1: Foul Ball, location: 2F
1-2: Ball
2-2: Foul Ball, location: 2F
2-2: Grounds into double play, 4-2-3 (Groundball, 34)
Bottom of the 8th over - 4 run(s), 6 hit(s), 0 error(s), 2 left on base; Richmond 6 - Otsego 7
TOP OF THE 9TH
Richmond Flairs batting - Pitching for Otsego Bulldogs : RHP Ricardo Trujillo
Pitching: RHP Dave Johnston
Now at 3B: Luis Maldonado
Now at SS: Fernando Pérez
Pinch Hitting: LHB Sean Nicks 0-0: Ball
1-0: Ball
2-0: Ball
3-0: Called Strike
3-1: Base on Balls
Pinch Hitting: LHB Frank Geddes 0-0: Ball
1-0: Ball
2-0: Ball
3-0: Swinging Strike
3-1: Called Strike
3-2: Strikes out looking
Batting: SHB Carlos Reyes 0-0: Swinging Strike
0-1: DOUBLE (Line Drive, 7LD)
Sean Nicks to third
Pinch Hitting: SHB António Enríquez 0-0: Ball
1-0: Ball
2-0: Called Strike
2-1: Foul Ball, location: 2F
2-2: Foul Ball, location: 2F
2-2: SINGLE (Groundball, 6MD)
Sean Nicks scores
Carlos Reyes to third
Batting: LHB R.J. Courtney 0-0: Called Strike
0-1: Swinging Strike
0-2: Foul Ball, location: 2F
0-2: Strikes out looking and he ARGUES THE CALL AND IS TOSSED!
Batting: RHB Ray Yates 0-0: Ball
1-0: Called Strike
1-1: Foul Ball, location: 2F
1-2: Foul Ball, location: 2F
1-2: Ball
2-2: Strikes out swinging
Top of the 9th over - 1 run(s), 2 hit(s), 0 error(s), 2 left on base; Richmond 7 - Otsego 7
BOTTOM OF THE 9TH
Otsego Bulldogs batting - Pitching for Richmond Flairs : RHP Octávio Morín
Pitching: RHP Alfonso Rodríguez
Now at 1B: Freddy Padilla
Now at 3B: Adrián Miranda
Now in LF: Roland Jones
Now in CF: Mike Young
Pinch Hitting: RHB Jesús Ramírez 0-0: Foul Ball, location: 2F
0-1: Ball
1-1: Swinging Strike
1-2: Strikes out swinging
Batting: RHB Jesús Tisnado 0-0: Called Strike
0-1: Ball
1-1: Ball
2-1: Swinging Strike
2-2: Ball
3-2: Base on Balls
Batting: RHB Ryosei Yamamoto 0-0: Ball
1-0: Called Strike
1-1: Ball
2-1: SINGLE (Groundball, 6D)
Jesús Tisnado to second
Batting: RHB Kyung-bok Cho 0-0: Ball
1-0: Called Strike
1-1: Ball
2-1: Foul Ball, location: 2F
2-2: Ball
3-2: SINGLE (Groundball, 6D)
Jesús Tisnado to third
Ryosei Yamamoto to second
Runner from 3rd tries for Home, SAFE, throw made home
Thursday, March 30th, 2017 - OOTP Baseball 17.12 Build 75